AoeStats
← HAMADY

Arena

509007799Analyzed
4v4 RM · 7d ago on Sep 25, 2026· 40m 6s· 8 players
Game mode
Random Map
Map size
Large (8 player)
Population
200
Speed
Normal
Resources
Standard
Victory
Conquest
Starting age
Dark Age
Ending age
Imperial Age
RankedLock teamsTeams togetherTeam positionsShared explorationLock speedFull tech treeHidden civsTurbo modeCheats
Victory
Defeat
🇦🇷 Lithuanians · Argentina
1313
+15
🇵🇪 Cumans · Peru
1287
+16
🇨🇦 Romans · Canada
1263
+17
🇵🇪 Italians · Peru
1230
+19
🇨🇦 Bulgarians · Canada
1316
-18
🇯🇵 Saxons · Japan
1306
-17
🇨🇳 Mongols · China
1282
-16
🇺🇸 Franks · United States
1275
-16
秋意凛
11:36 Feudal Age
12:44 Loom
15:27 Castle Age
15:28 Fletching
21:20 Double-Bit Axe
23:50 Wheelbarrow
28:15 Stone Mining
29:11 Bow Saw
29:32 Horse Collar
31:11 Hand Cart
32:49 Heavy Plow
33:29 Gold Mining
37:22 Stone Shaft Mining
37:27 Gold Shaft Mining
39:56 Bodkin Arrow
40:01 Padded Archer Armor
40:13 Padded Archer Armor
42:46 Imperial Age
[GDL] RagnarokCo
11:04 Feudal Age
12:42 Loom
15:11 Castle Age
13:27 Double-Bit Axe
13:36 Horse Collar
16:26 Bow Saw
17:02 Forging
16:53 Scale Mail Armor
18:05 Iron Casting
18:15 Iron Casting
21:50 Gold Mining
22:35 Gambesons
23:42 Squires
24:23 Arson
24:58 Chain Mail Armor
25:32 Arson
31:50 Wheelbarrow
32:20 Gold Shaft Mining
31:35 Stone Mining
32:08 Heavy Plow
32:15 Town Watch
32:08 Pikeman
37:14 Stone Mining
Bensun
10:16 Feudal Age
14:01 Castle Age
13:05 Scale Barding Armor
13:51 Forging
15:07 Chain Barding Armor
21:38 Double-Bit Axe
28:05 Bow Saw
29:43 Gold Mining
31:23 Wheelbarrow
33:36 Hand Cart
34:16 Husbandry
37:01 Imperial Age
35:45 Gold Shaft Mining
37:08 Iron Casting
37:26 Scale Mail Armor
36:53 Pikeman
37:30 Cavalier
HAMADY
7:09 Loom
10:56 Feudal Age
15:20 Castle Age
14:00 Double-Bit Axe
13:58 Horse Collar
17:31 Fletching
20:04 Scale Mail Armor
21:54 Town Watch
22:35 Squires
22:21 Arson
22:37 Bodkin Arrow
23:14 Gambesons
26:58 Wheelbarrow
31:48 Bow Saw
32:03 Heavy Plow
34:37 Hand Cart
38:38 Imperial Age
37:01 Chain Mail Armor
36:56 Forging
38:23 Iron Casting
37:53 Pikeman
Theodore
11:19 Feudal Age
12:03 Double-Bit Axe
12:57 Wheelbarrow
12:26 Horse Collar
16:12 Castle Age
17:26 Forging
19:06 Man-at-Arms
20:28 Long Swordsman
21:10 Scale Mail Armor
23:02 Chain Mail Armor
26:47 Loom
30:55 Bow Saw
32:10 Pikeman
34:00 Iron Casting
Kierkegaard
10:28 Feudal Age
12:41 Wheelbarrow
15:39 Fletching
15:49 Padded Archer Armor
19:11 Scale Mail Armor
19:24 Loom
22:08 Forging
21:50 Double-Bit Axe
25:48 Castle Age
24:20 Horse Collar
24:39 Gold Mining
26:38 Bodkin Arrow
26:06 Crossbowman
28:12 Leather Archer Armor
29:41 Ballistics
31:37 Fortified Wall
32:45 Bow Saw
37:01 Imperial Age
37:51 Hand Cart
38:59 Chemistry
38:42 Thumb Ring
38:56 Heavy Plow
39:59 Two-Man Saw
39:34 Masonry
ReBeL_persi
11:10 Feudal Age
12:54 Loom
15:31 Castle Age
13:25 Double-Bit Axe
13:50 Horse Collar
16:45 Bow Saw
25:13 Wheelbarrow
26:47 Forging
27:47 Bloodlines
27:57 Scale Barding Armor
28:08 Husbandry
29:18 Hand Cart
30:02 Chain Barding Armor
30:46 Iron Casting
34:54 Imperial Age
33:25 Heavy Plow
37:34 Plate Barding Armor
36:22 Cavalier
37:23 Conscription
38:59 Two-Man Saw
37:45 Paladin
aariva83
7:26 Loom
9:44 Feudal Age
10:13 Double-Bit Axe
16:57 Horse Collar
17:55 Wheelbarrow
25:23 Castle Age
23:32 Gold Mining
25:37 Forging
27:36 Scale Barding Armor
33:56 Chain Barding Armor
34:30 Bloodlines
38:26 Iron Casting
38:01 Heavy Plow
39:06 Bow Saw
Connection lost

Rejoining the realm…

Still unreachable

The connection could not be restored.

Session expired

The server has moved on; the page needs a fresh start.